 Dungeon Crawl Stone Soup version 0.32-a0-975-g85d4e5bfdb (webtiles) character file.

Game seed: 4864971431303128103

1889 kae the Mimic (level 8, -2/45 HPs)
             Began as a Demonspawn Shapeshifter on Apr 18, 2024.
             Was an Initiate of Ru.
             Slain by a killer bee (5 damage)
             ... on level 7 of the Dungeon.
             The game lasted 00:03:22 (4965 turns).

kae the Mimic (Demonspawn Shapeshifter)             Turns: 4965, Time: 00:03:24

Health: -2/45      AC:  2    Str: 14    XL:     8   Next: 92%
Magic:  0/8        EV: 10    Int: 15    God:    Ru [......]
Gold:   522        SH:  4    Dex: 14    Spells: 7/7 levels left

rFire   . .          .
                       - Unarmed
rCold   . . .        (shield currently unavailable)
rNeg    . . .        j - +2 ring mail of Westiemo {Regen+ Int+3}
rPois   .            (no helmet)
rElec   .            (no cloak)
rCorr   +            (gloves currently unavailable)
SInv    .            (no boots)
Will    .....        G - amulet of guardian spirit
Stlth   +            R - ring of resist corrosion
HPRegen 1.07/turn    (no ring)
MPRegen 0.11/turn

%: guardian spirit
@: lethally poisoned (-2 -> -9), blade hands
A: reduced hp, large bone plates 1, foul stench 2, weakness stinger 2
a: Begin Untransformation, Renounce Religion


You were on level 7 of the Dungeon.
You worshipped Ru.
Ru was noncommittal.
You had blades for hands.
You visited 2 branches of the dungeon, and saw 8 of its levels.

You collected 522 gold pieces.


Innate Abilities, Weirdness & Mutations

You have blades for hands.
Your maximum health is decreased, since you lack skill for your form.
You are incapable of wielding weapons or throwing items.
You are partially covered in large bone plates. (SH +4)
You sometimes emit foul miasma when damaged in melee.
You have a tail ending in a sharp stinger.


   Skills:
 - Level 1.0 Fighting
 - Level 1.7 Dodging
 + Level 6.7 Unarmed Combat
 * Level 8.4 Shapeshifting


You had 7 spell levels left.
You didn't know any spells.
Your spell library contained the following spells:

 Spells                   Type           Power      Damage    Failure   Level
 Summon Ice Beast         Ice/Summ       0%         N/A       86%         3
 Tukima's Dance           Hex            0%         N/A       86%         3
 Passage of Golubria      Tloc           0%         N/A       99%         4
 Summon Mana Viper        Hex/Summ       0%         N/A       100%        5
 Yara's Violent Unravell  Hex/Alch       0%         3d3       100%        5
 Monstrous Menagerie      Summ           0%         N/A       100%        7

Inventory:

Missiles
 e - 65 stones (quivered)
 v - 2 curare-tipped darts {=f}
 y - 5 poisoned darts
Armour
 a - a +0 animal skin
 j - the +2 ring mail of Westiemo (worn) {Regen+ Int+3}
   (You found it on level 2 of the Dungeon)

   Int+3:     It affects your intelligence (+3).
   Regen+:    It increases your rate of health regeneration.
Magical Staves
 p - a staff of death {!a}
   (You found it on level 5 of the Dungeon)
 q - a staff of conjuration {!a}
   (You found it on level 5 of the Dungeon)
Jewellery
 D - a +6 ring of dexterity
   (You found it on level 7 of the Dungeon)
 G - an amulet of guardian spirit (around neck)
   (You found it on level 4 of the Dungeon)
 R - a ring of resist corrosion (left blade hand)
   (You found it on level 2 of the Dungeon)
Talismans
 c - a beast talisman
 d - a flux talisman
 s - a blade talisman (active)
   (You found it on level 5 of the Dungeon)
Scrolls
 g - 2 scrolls of amnesia
 l - 6 scrolls of teleportation {@r4}
 n - a scroll of fog
 u - 2 scrolls of identify {@r1}
 x - a scroll of immolation {!r!r}
 z - a scroll of vulnerability {unknown}
Potions
 b - 3 potions of lignification {!q}
 f - 3 potions of heal wounds {@q2}
 h - a potion of mutation {unknown}
 i - 3 potions of brilliance {unknown}
 k - 2 potions of curing {unknown}
 m - a potion of invisibility {unknown}
 o - a potion of ambrosia {unknown}
 r - 3 potions of attraction {unknown}
 t - a potion of enlightenment {unknown}
 w - a potion of cancellation {unknown}

Dungeon Overview and Level Annotations

Branches:
Dungeon (7/15) Zot: 26648  Temple (1/1) D:5 Zot: 5981

Altars:
Ashenzari
Cheibriados
Dithmenos
Fedhas
Gozag
Hepliaklqana
Kikubaaqudgha
Makhleb
Nemelex Xobeh
Okawaru
Qazlal
Ru
Sif Muna
Trog
Uskayaw
Vehumet
Wu Jian
Yredelemnul

Annotations:
D:4 3 runed translucent doors, funkygono's ghost, amateur GrFE

######## #####....?.##
..........(# ...........#
..........# $##
.........# ... #.y......#
.. #@○......# ###.......#
### ### #........## #...#
#...###........#
#..#..###..#.y##........#
##.#.#...#...###........#
### #..©..#####.........#
.#############..........#
.......©...............##


You could see 2 killer bees.


Message History

Things that are here:
a +0 dagger; a kobold corpse You feel sick. 😮 HP[-1]
You take 1 damage, and now have 26/45 hp.
You start resting.
You feel sick. x4
You are no longer poisoned. 😮 HP[+1] MP[+1]
v - 2 curare-tipped darts {=f} (gained 1)
e - 57 stones (gained 2)
Items here: )))) ††. 😎 HP[+18] MP[+2]
Your hp is fully restored (45).
Your mp is fully restored (8).
No target in view!
No target in view!
y - 5 poisoned darts;
e - 59 stones (gained 2)
Items here: )) ††.
No target in view!
No target in view!
Items here: )))) ††.
Things that are here:
a +0 dagger; a kobold corpse You now have 452 gold pieces (gained 15).
You now have 470 gold pieces (gained 18).
z - a scroll labelled YNAIM LEZETE No target in view!
No target in view!
You see here a hound corpse.
e - 65 stones (gained 6)
You now have 486 gold pieces (gained 16).
You now have 504 gold pieces (gained 18).
You now have 522 gold pieces (gained 18).
There is a transporter landing site here.
Key pressed, stopping explore.
D - a +6 ring of dexterity The killer bee buzzes angrily.
No reachable target in view!
No reachable target in view! 3 killer bees come into view.
The killer bee buzzes angrily. x2
The killer bee misses you.
The killer bee stings you but does no damage.
The killer bee closely misses you. The killer bee stings you.
You are poisoned.
The killer bee poisons you! 😕 HP[-5] MP[-1]
You take 5 damage, and now have 40/45 hp.
You lost 1 mp, and now have 7/8 mp.
You slice the killer bee!!
You kill the killer bee!
You feel very sick. The killer bee barely misses you.
The killer bee closely misses you. The killer bee barely misses you.
The killer bee stings you.
You hit the killer bee. You tail-slap the killer bee.
You feel sick. The killer bee stings you!
You emit a cloud of foul miasma!
The killer bee misses you.
The killer bee is engulfed in dark miasma.
The killer bee is poisoned.
The killer bee stings you!
* * * LOW HITPOINT WARNING * * *
The killer bee stings you!
* * * LOW HITPOINT WARNING * * *
You are more poisoned.
The killer bee poisons you! 😨 HP[-25] MP[-4]
You take 25 damage, and now have 15/45 hp.
MASSIVE DAMAGE!! (PAUSE)
You lost 4 mp, and now have 3/8 mp.
You hit the killer bee.
You feel very sick.
The killer bee is engulfed in dark miasma.
The killer bee looks even sicker.
The killer bee stings you.
* * * LOW HITPOINT WARNING * * *
You are lethally poisoned!
The killer bee poisons you! The killer bee barely misses you.
The killer bee closely misses you.
The killer bee is engulfed in dark miasma.
The killer bee looks even sicker.
The killer bee stings you.
* * * LOW HITPOINT WARNING * * *
😱 HP[-7] MP[-1]
You take 7 damage, and now have 8/45 hp.
You lost 1 mp, and now have 2/8 mp.
Unknown command.
You miss the killer bee.
Your tail-slap misses the killer bee.
* * * LOW HITPOINT WARNING * * *
You feel very sick.
The killer bee is engulfed in dark miasma.
The killer bee looks as sick as possible!
The killer bee closely misses you.
You block the killer bee's attack. 😱 HP[-3]
You take 3 damage, and now have 5/45 hp.
Unknown command.
Unknown command.
You slash the killer bee!
You kill the killer bee!
* * * LOW HITPOINT WARNING * * *
You feel very sick.
The killer bee stings you but does no damage.
The killer bee stings you!
You die...
Ru respects your ultimate sacrifice.

Skill      XL: |  1  2  3  4  5  6  7  8 |
---------------+-------------------------+-----
Shapeshifting  | 3 4 5 6 8 |  8.4
Unarmed Combat | 3 4 5 6 |  6.7
Fighting       | |  1.0
Dodging        | |  1.7

Action                     |  1- 3 |  4- 6 |  7- 9 || total
---------------------------+-------+-------+-------++-------
  Melee: Unarmed           |    91 |   124 |   136 ||   351
         Punch             |     2 |     6 |     5 ||    13
         Tailslap          |     4 |    26 |    21 ||    51
    Use: Scroll            |       |     8 |     3 ||    11
   Stab: Sleeping          |     1 |       |       ||     1
 Armour: Animal skin       |    16 |       |       ||    16
         Ring mail         |    37 |    57 |    89 ||   183
  Dodge: Dodged            |    45 |    55 |    72 ||   172
  Block: Other             |       |     9 |    26 ||    35
   Form: Blade             |       |       |     1 ||     1

Levels and vault maps discovered:
D:1:      roderic_crossed_star, layout_basic, moated_statue
D:2:      layout_loops_cross, basic_altar
D:3:      layout_basic, grunt_temple_overflow_open
D:4:      layout_basic, gammafunk_ghost_necromancy, minmay_stone_trees_medium
D:5:      minmay_opposing_rooms, layout_loops_cross, old_standard_altar,
          temple_statues
D:6:      layout_basic
D:7:      layout_rooms, gammafunk_ghost_hive
Temple:   nicolae_temple_no_exploring_needed

Notes
Turn   | Place    | Note
-------+----------+-------------------------------------------
     0 | D:1      | kae the Demonspawn Shapeshifter began the quest for the
                  | Orb.
     0 | D:1      | Reached XP level 1. HP: 15/15 MP: 1/1
     0 | D:1      | magus.rc [v1.11.3]
   133 | D:1      | You add the spells Tukima's Dance, Passage of Golubria and
                  | Yara's Violent Unravelling to your library.
   208 | D:1      | HP: 3/15 [frozen (5)]
   210 | D:1      | Reached skill level 3 in Shapeshifting
   216 | D:1      | Gained mutation: You may rarely emit foul miasma when
                  | damaged in melee. [demonic ancestry]
   216 | D:1      | Reached XP level 2. HP: 7/21 MP: 2/2
   385 | D:1      | You fall into a shaft and drop 1 floor!
   395 | D:2      | Identified the +0 leather armour of Resonance {Rampage
                  | rCorr Str-4 Dex-4}
   421 | D:2      | Identified the +2 ring mail of Westiemo {Regen+ Int+3}
   435 | D:2      | Reached skill level 3 in Unarmed Combat
   558 | D:2      | Gained mutation: You have a small tail. [demonic ancestry]
   558 | D:2      | Reached XP level 3. HP: 26/26 MP: 3/3
   667 | D:2      | You pick up a book of Beasts and begin reading...
   667 | D:2      | You add the spells Summon Ice Beast, Summon Mana Viper and
                  | Monstrous Menagerie to your library.
  1015 | D:2      | Gained mutation: You sometimes emit foul miasma when
                  | damaged in melee. [demonic ancestry]
  1015 | D:2      | Reached XP level 4. HP: 29/32 MP: 4/4
  1325 | D:3      | Found a shadowy altar of Dithmenos.
  1326 | D:3      | Found a broken altar of Ashenzari.
  1697 | D:4      | Reached skill level 4 in Shapeshifting
  1784 | D:4      | Noticed a black bear
  1793 | D:4      | Killed a black bear
  1794 | D:4      | Reached skill level 4 in Unarmed Combat
  1794 | D:4      | Gained mutation: You are partially covered in large bone
                  | plates. (SH +4) [demonic ancestry]
  1794 | D:4      | Reached XP level 5. HP: 37/37 MP: 5/5
  1956 | D:4      | Gained mutation: You have a tail ending in a sharp stinger.
                  | [demonic ancestry]
  1956 | D:4      | Reached XP level 6. HP: 39/43 MP: 6/6
  2129 | D:4      | Found a runed translucent gate.
  2129 | D:4      | Found a runed translucent gate.
  2146 | D:4      | Reached skill level 5 in Shapeshifting
  2201 | D:4      | Found a runed translucent gate.
  2206 | D:4      | Noticed funkygono's ghost (amateur GrFE)
  2421 | D:5      | Entered Level 5 of the Dungeon
  2775 | D:5      | Noticed an ice beast
  2783 | D:5      | Killed an ice beast
  2784 | D:5      | Reached XP level 7. HP: 28/48 MP: 3/7
  2896 | D:5      | Reached skill level 6 in Shapeshifting
  2940 | D:5      | Reached skill level 5 in Unarmed Combat
  3031 | D:5      | Reached XP level 8. HP: 17/54 MP: 3/8
  3138 | D:5      | Reached skill level 7 in Shapeshifting
  3237 | D:6      | HP: 13/54 [poisoned by a water moccasin]
  3242 | D:6      | HP: 7/54 [poisoned by a water moccasin]
  3578 | D:6      | Reached skill level 6 in Unarmed Combat
  3798 | D:6      | HP: 6/41 [orc warrior/+0 trident (7)]
  3960 | D:6      | Reached skill level 8 in Shapeshifting
  4496 | D:5      | Found a staircase to the Ecumenical Temple.
  4507 | Temple   | Entered the Ecumenical Temple
  4516 | Temple   | Became a worshipper of Ru the Awakened
  4963 | D:7      | HP: 10/45 [killer bee (3)]
  4965 | D:7      | HP: 3/45 [poisoned by a killer bee]
  4965 | D:7      | Slain by a killer bee

Vanquished Creatures
  2 water moccasins
  An orc warrior (D:6)
  An ice beast (D:5)
  2 black bears
  2 centaurs
  2 kobold brigands (D:7)
  A bullfrog (D:5)
  2 scorpions (D:5)
  2 killer bees (D:7)
  5 bombardier beetles
  3 jellies
  2 hounds
  2 orc priests (D:6)
  2 sleepcaps
  5 iguanas
  An orc wizard (D:6)
  9 adders
  7 gnolls
  2 ribbon worms
  A dart slug (D:2)
  5 orcs
  3 bats
  7 endoplasms
  2 giant cockroaches (D:3)
  6 goblins
  2 hobgoblins
  3 jackals (D:4)
  2 quokkas
  4 ball pythons
  2 frilled lizards (D:1)
  17 kobolds
  3 rats
110 creatures vanquished.

Table legend:
 A = Non-vault XP
 B = Vault XP
 C = Vault XP percentage of total XP
 D = Non-vault monster count
 E = Vault monster count
 F = Vault count percentage of total count
                 A         B        C        D         E       F
            +---------+---------+-------+---------+---------+-------
      Total |    2208 |     559 |  20.2 |     100 |      10 |   9.1
            +---------+---------+-------+---------+---------+-------
        D:1 |      16 |       0 |   0.0 |      10 |       0 |   0.0
        D:2 |      86 |       0 |   0.0 |      19 |       0 |   0.0
        D:3 |      18 |       0 |   0.0 |       8 |       0 |   0.0
        D:4 |     291 |       0 |   0.0 |      19 |       0 |   0.0
        D:5 |     622 |     559 |  47.3 |      14 |      10 |  41.7
        D:6 |     751 |       0 |   0.0 |      12 |       0 |   0.0
        D:7 |     424 |       0 |   0.0 |      18 |       0 |   0.0
            +---------+---------+-------+---------+---------+-------

Skill      XL: |  1  2  3  4  5  6  7  8 |
---------------+-------------------------+-----
Shapeshifting  | 3 4 5 6 8 |  8.4
Unarmed Combat | 3 4 5 6 |  6.7
Fighting       | |  1.0
Dodging        | |  1.7

Action                     |  1- 3 |  4- 6 |  7- 9 || total
---------------------------+-------+-------+-------++-------
  Melee: Unarmed           |    91 |   124 |   136 ||   351
         Punch             |     2 |     6 |     5 ||    13
         Tailslap          |     4 |    26 |    21 ||    51
    Use: Scroll            |       |     8 |     3 ||    11
   Stab: Sleeping          |     1 |       |       ||     1
 Armour: Animal skin       |    16 |       |       ||    16
         Ring mail         |    37 |    57 |    89 ||   183
  Dodge: Dodged            |    45 |    55 |    72 ||   172
  Block: Other             |       |     9 |    26 ||    35
   Form: Blade             |       |       |     1 ||     1

Illustrated notes

Table legend:
 A = Kills in this place as a percentage of kills in the entire game.
 B = Kills by you in this place as a percentage of kills by you in the entire game.
 C = Kills by friends in this place as a percentage of kills by friends in the entire game.
 D = Other kills in this place as a percentage of other kills in the entire game.
 E = Experience gained in this place as a percentage of experience gained in the entire game.
 F = Experience gained in this place divided by the number of levels of this place that you have seen.
                   A       B       C       D       E      F
               +-------+-------+-------+-------+-------+----------------------
         Total | 100.0 | 100.0 |   N/A |   N/A | 100.0 | 345.9
       Dungeon | 100.0 | 100.0 |   N/A |   N/A | 100.0 | 395.3
               +-------+-------+-------+-------+-------+----------------------

Table legend: (Time is in decaauts)
 A = Elapsed time spent in this place.
 B = Non-inter-level travel time spent in this place.
 C = Inter-level travel time spent in this place.
 D = Time resting spent in this place.
 E = Time spent auto-exploring this place.
 F = Levels seen in this place.
 G = Mean time per level.
                   A        B        C        D        E       F      G
               +--------+--------+--------+--------+--------+-----+--------+
         Total |   4936 |   4725 |    211 |     52 |   3873 |   8 |  617.0 |
       Dungeon |   4917 |   4723 |    194 |     52 |   3873 |   7 |  702.4 |
        Temple |     18 |      2 |     16 |      0 |      0 |   1 |   18.0 |
               +--------+--------+--------+--------+--------+-----+--------+

Top non-repeatable levels by time:
     D:6: 1141 daAuts
     D:5: 1015 daAuts
     D:4: 734 daAuts
     D:2: 712 daAuts
     D:3: 580 daAuts
     D:1: 383 daAuts
     D:7: 351 daAuts
  Temple: 18 daAuts
